 Dungeon Crawl Stone Soup version 0.21-a0-150-gc243083 (webtiles) character file.

7858 namelastname112 the Covert (level 11, -6/81 HPs)
             Began as a Vampire Enchanter on July 26, 2017.
             Was an Initiate of Gozag.
             Mangled by an unseen horror (9 damage)
             ... on level 9 of the Dungeon.
             The game lasted 00:26:38 (11823 turns).

namelastname112 the Covert (Vampire Enchanter)     Turns: 11823, Time: 00:26:39

Health: -6/81      AC:  9    Str: 10      XL:     11   Next: 2%
Magic:  10/21      EV: 17    Int: 17      God:    Gozag
Gold:   1279       SH:  0    Dex: 18 (19) Spells: 11/23 levels left

rFire    . . .     SeeInvis +   y - +2 dagger (drain)
rCold    + + .     Gourm    .   (no shield)
rNeg     + + +     Faith    .   x - +1 troll leather armour {Purgy}
rPois    ∞         Spirit   .   s - +0 helmet
rElec    .         Reflect  .   (no cloak)
rCorr    .         Harm     .   K - +1 pair of gloves
MR       +....                  F - +0 pair of boots
Stlth    +++++++...             g - amulet of regeneration
HPRegen  0.00/turn              j - +3 ring of strength
MPRegen  0.17/turn              u - ring of flight

@: marked, very slightly contaminated, bloodless, non-regenerating
A: fangs 3, see invisible, unbreathing
a: Bat Form, Potion Petition, Call Merchant, Bribe Branch, Renounce Religion,
Evoke Flight


You were on level 9 of the Dungeon.
You worshipped Gozag.
Gozag was most pleased with you.
You were bloodless.

You visited 2 branches of the dungeon, and saw 11 of its levels.

You collected 1398 gold pieces.
You spent 64 gold pieces at shops.
You paid 55 gold pieces to Gozag.

Inventory:

Hand Weapons
 y - a +2 dagger of draining (weapon)
Missiles
 k - a throwing net (quivered)
Armour
 s - a +0 helmet (worn)
 x - a +1 troll leather armour (worn) {Purgy}
 F - a +0 pair of boots (worn)
 K - a +1 pair of gloves (worn)
 O - a +0 buckler
Magical Staves
 E - an uncursed staff of cold {unknown}
Jewellery
 g - an amulet of regeneration (around neck)
 j - a +3 ring of strength (left hand)
 u - a ring of flight (right hand)
Wands
 d - a wand of confusion (27/48)
 e - a wand of disintegration (9/24)
 l - a wand of polymorph (12/24)
 L - a wand of iceblast (3/15)
 M - a wand of random effects (42/48)
 N - a wand of flame (28/48)
Scrolls
 a - a scroll of teleportation
 b - 5 scrolls of magic mapping
 i - 2 scrolls of amnesia
 n - 4 scrolls of noise
 v - 2 scrolls of immolation
 w - a scroll of enchant armour
 C - 3 scrolls of identify
 I - 2 scrolls of remove curse
 J - a scroll of fog
Potions
 h - 2 potions of haste
 m - 2 potions of ambrosia
 o - 3 potions of might
 p - a potion of brilliance
 r - 2 potions of curing
 z - 3 potions of lignification
 A - a potion of mutation
 H - a potion of flight
Books
 c - a book of Maledictions

   Spells                             Type                      Level
   a - Corona                         Hexes                        1
   b - Ensorcelled Hibernation        Hexes/Ice                    2
   c - Confuse                        Hexes                        3
   d - Tukima's Dance                 Hexes                        3
   e - Dazzling Spray                 Conjuration/Hexes            3
 f - a book of Air

   Spells                             Type                      Level
   a - Shock                          Conjuration/Air              1
   b - Swiftness                      Charms/Air                   2
   c - Static Discharge               Conjuration/Air              3
   d - Airstrike                      Air                          4
   e - Lightning Bolt                 Conjuration/Air              5
 q - a book of Cantrips

   Spells                             Type                      Level
   a - Confusing Touch                Hexes                        1
   b - Animate Skeleton               Necromancy                   1
   c - Summon Small Mammal            Summoning                    1
   d - Apportation                    Translocation                1
 B - a book of Callings

   Spells                             Type                      Level
   a - Summon Small Mammal            Summoning                    1
   b - Call Imp                       Summoning                    2
   c - Call Canine Familiar           Summoning                    3
   d - Summon Guardian Golem          Hexes/Summoning              3
   e - Summon Lightning Spire         Summoning/Air                4
   f - Summon Ice Beast               Ice/Summoning                4
 D - a book of Changes

   Spells                             Type                      Level
   a - Beastly Appendage              Transmutation                1
   b - Sticks to Snakes               Transmutation                2
   c - Spider Form                    Transmutation/Poison         3
   d - Ice Form                       Ice/Transmutation            4
   e - Blade Hands                    Transmutation                5
 G - a book of Misfortune

   Spells                             Type                      Level
   a - Confusing Touch                Hexes                        1
   b - Confuse                        Hexes                        3
   c - Gell's Gravitas                Translocation                3
   d - Petrify                        Transmutation/Earth          4
   e - Metabolic Englaciation         Hexes/Ice                    5
   f - Yara's Violent Unravelling     Hexes/Transmutation          5


   Skills:
 + Level 5.9 Fighting
 + Level 7.5 Short Blades
 + Level 8.0 Dodging
 + Level 11.8 Stealth
 + Level 6.9 Spellcasting
 + Level 10.6 Hexes


You had 11 spell levels left.
You knew the following spells:

 Your Spells              Type           Power        Failure   Level  Hunger
a - Corona                Hex            #####..      1%          1    None
c - Dazzling Spray        Conj/Hex       ###...       5%          3    ##.....
d - Tukima's Dance        Hex            #####...     1%          3    ##.....
x - Confuse               Hex            #####...     1%          3    ##.....
z - Ensorcelled Hibernat  Hex/Ice        ###...       2%          2    None


Dungeon Overview and Level Annotations

Branches:
Dungeon (10/15)            Temple (1/1) D:4
   Lair: D:8-11         Orc: D:9-12

Altars:
Ashenzari
Dithmenos
Elyvilon
Gozag
Hepliaklqana
Nemelex Xobeh
Okawaru
Qazlal
Sif Muna
Trog
Uskayaw
Vehumet
Wu Jian
Xom
Zin
The Shining One

Shops:
D:7 [   D:8 *

Annotations:
D:10 Starchild's ghost, novice DrTm


Innate Abilities, Weirdness & Mutations

You do not heal naturally.
You are immune to poison.
You have razor-sharp teeth.
You have supernaturally acute eyesight. (SInv)
You can survive without breathing.


Message History

The unseen horror hits you but does no damage.
The unseen horror hits you.
* * * LOW HITPOINT WARNING * * *
The centaur shoots an arrow.
The arrow completely misses you.
You climb upwards.
There is a stone staircase leading down here.
You take 1 damage, and have 7/81 hp.
Casting: Dazzling Spray
Confirm with . or Enter, or press ? or * to list all spells.
Aiming: Ensorcelled Hibernation
Press: ? - help, Shift-Dir - straight line, f - unseen horror
Aim: an unseen horror (slightly transparent, chance to defeat MR: 53%)
You miscast Ensorcelled Hibernation.
You are very lightly contaminated with residual magic.
Your skin glows momentarily.
The unseen horror hits you.
* * * LOW HITPOINT WARNING * * *
The unseen horror hits you but does no damage.
The unseen horror hits you!
You die...
Your body crumbles into a pile of gold.

## .## ..# ..#
.################
.##...##....##..##
###.........'....#
............#...@#
............#...x#
.##...##....##..##
.##...##....##..##
.#....##....##...#
.'...........#..%#
###...##....##..##
###...##....#####
......#......#


You could see an unseen horror (invisible).

Vanquished Creatures
  3 two-headed ogres
  2 rust devils (D:7)
  The ghost of p0werm0de the Magician, a novice DsIE (D:6)
  Grinder (D:6)
  Prince Ribbit (D:8)
  A hippogriff (D:7)
  A human (D:7)
  3 hogs (D:7)
  A wraith (D:7)
  The ghost of Starchild the Gusty, an amateur TeAE (D:3)
  A soldier ant (D:10)
  5 orc warriors
  A sky beast (D:5)
  2 phantoms
  Purgy (D:3)
  An ice beast (D:8)
  4 ogres
  A centaur (D:7)
  A crocodile (D:8)
  3 big kobolds
  4 bullfrogs
  A water moccasin zombie (D:6)
  2 scorpions
  A killer bee (D:4)
  6 crimson imps
  A quasit (D:9)
  3 jellies
  A bullfrog skeleton (D:8)
  9 orc priests
  5 hounds
  3 iguanas
  6 orc wizards
  6 worker ants
  A hound zombie (D:5)
  A hound skeleton (D:5)
  Robin (D:3)
  3 gnolls (D:2)
  9 adders
  3 shadow imps
  2 oozes
  5 worms
  6 dart slugs
  2 leopard geckos (D:1)
  33 orcs
  A ball python (D:3)
  5 giant cockroaches
  5 hobgoblins
  8 jackals
  5 quokkas
  6 bats
  9 frilled lizards
  17 goblins
  2 jackal zombies (D:6)
  31 kobolds
  A quokka zombie (D:6)
  10 rats
249 creatures vanquished.

Vanquished Creatures (collateral kills)
  An orc warrior (D:7)
  A dart slug (D:5)
  An orc (D:8)
3 creatures vanquished.

Vanquished Creatures (others)
  A dancing weapon (D:8)
  A hound skeleton (D:7)
2 creatures vanquished.

Grand Total: 254 creatures vanquished

Notes
Turn   | Place    | Note
-------+----------+-------------------------------------------
     0 | D:1      | namelastname112 the Vampire Enchanter began the quest for the Orb.
     0 | D:1      | Reached XP level 1. HP: 13/13 MP: 3/3
   237 | D:1      | Reached XP level 2. HP: 16/19 MP: 5/5
   800 | D:2      | Learned a level 2 spell: Ensorcelled Hibernation
  1039 | D:2      | Reached XP level 3. HP: 25/25 MP: 6/6
  1494 | D:2      | HP: 1/25 [gnoll/flail (14)]
  1614 | D:1      | Reached skill level 5 in Stealth
  1807 | D:2      | Reached skill level 5 in Hexes
  1887 | D:2      | Reached skill level 1 in Fighting
  1887 | D:2      | Reached XP level 4. HP: 30/32 MP: 0/7
  2782 | D:3      | Noticed Robin
  2835 | D:3      | Noticed Starchild's ghost (amateur TeAE)
  2853 | D:2      | Learned a level 3 spell: Confuse
  3063 | D:3      | Found a shattered altar of Ashenzari.
  4136 | D:3      | Killed Robin
  4136 | D:3      | Reached XP level 5. HP: 37/37 MP: 1/9
  4265 | D:3      | Killed Starchild's ghost
  4265 | D:3      | Reached skill level 6 in Stealth
  4430 | D:3      | Noticed Purgy
  4521 | D:3      | Killed Purgy
  4521 | D:3      | Reached XP level 6. HP: 30/44 MP: 0/10
  4964 | D:4      | Found an iron altar of Okawaru.
  5015 | D:4      | Reached XP level 7. HP: 35/50 MP: 2/11
  5294 | D:4      | Found a staircase to the Ecumenical Temple.
  5307 | D:4      | Learned a level 3 spell: Tukima's Dance
  5321 | D:4      | Learned a level 3 spell: Dazzling Spray
  5324 | Temple   | Entered the Ecumenical Temple
  5407 | Temple   | Became a worshipper of Gozag Ym Sagoz the Greedy
  5690 | D:5      | Entered Level 5 of the Dungeon
  6062 | D:5      | Reached skill level 7 in Stealth
  6784 | D:5      | Reached XP level 8. HP: 57/57 MP: 1/14
  7404 | D:6      | Reached skill level 8 in Stealth
  7634 | D:6      | Noticed p0werm0de's ghost (novice DsIE)
  7653 | D:6      | Killed p0werm0de's ghost
  7653 | D:6      | Reached skill level 5 in Short Blades
  7653 | D:6      | Reached skill level 5 in Dodging
  7868 | D:6      | Found a radiant altar of Vehumet.
  8073 | D:6      | Found a bloodstained altar of Trog.
  8226 | D:6      | Noticed Grinder
  8228 | D:6      | Killed Grinder
  8228 | D:6      | Reached skill level 5 in Spellcasting
  8228 | D:6      | Reached XP level 9. HP: 65/65 MP: 16/16
  8525 | D:7      | Reached skill level 9 in Stealth
  9112 | D:7      | Found Xounox's Armour Shop.
  9181 | D:7      | Got a crystal dagger
  9182 | D:7      | Identified the cursed +1 dagger "Beetle's Peril" {pierce, Str+3} (You found it on level 7 of the Dungeon)
  9292 | D:7      | Reached skill level 10 in Stealth
  9364 | D:7      | Reached XP level 10. HP: 45/73 MP: 4/19
  9605 | D:6      | Noticed a rust devil
  9605 | D:6      | Noticed a rust devil
 10041 | D:7      | Killed a rust devil
 10041 | D:7      | Reached skill level 5 in Fighting
 10050 | D:7      | Killed a rust devil
 10122 | D:8      | Noticed a two-headed ogre
 10129 | D:8      | Killed a two-headed ogre
 10192 | D:8      | Reached skill level 10 in Hexes
 10201 | D:8      | Reached skill level 11 in Stealth
 10322 | D:8      | Found Tihuclick's Assorted Antiques.
 10481 | D:8      | Noticed Prince Ribbit
 10488 | D:8      | Killed Prince Ribbit
 10735 | D:8      | Bought a scroll labeled HEDEPN TEMI for 32 gold pieces
 10735 | D:8      | Bought a scroll labeled GEWUMEG JAAWUA for 32 gold pieces
 10805 | D:9      | Noticed a two-headed ogre
 10810 | D:9      | Killed a two-headed ogre
 10877 | D:9      | Noticed a two-headed ogre
 10883 | D:9      | Killed a two-headed ogre
 11337 | D:10     | Entered Level 10 of the Dungeon
 11372 | D:10     | Noticed an unseen horror
 11373 | D:10     | Reached XP level 11. HP: 57/81 MP: 17/21
 11389 | D:10     | Noticed Starchild's ghost (novice DrTm)
 11811 | D:10     | HP: 1/81 [scorpion (6)]
 11823 | D:9      | HP: 3/81 [unseen horror (4)]
 11823 | D:9      | Mangled by an unseen horror

Vault maps used:
D:1:      dpeg_arrival_chase, hangedman_decor_diamond_cutter, hex_large
D:3:      cheibrodos_ashenzari_chains, uniq_robin, uniq_purgy
D:4:      okawaru_trees_1, minmay_temple_entry_statues
D:5:      first_bread
D:6:      cheibrodos_iron_armory, basic_altar, trog_book, uniq_grinder
D:7:      kennysheep_kobold_camp, serial_shops, nicolae_shop_window_shopping,
          hex_medium, grunt_livestock
D:8:      serial_shops, nicolae_shop_overgrown_old_shop, uniq_prince_ribbit1
Temple:   regret_index_temple_chain_breaker

Skill      XL: |  1  2  3  4  5  6  7  8  9 10 11 |
---------------+----------------------------------+-----
Stealth        | 5 6 7 8 10 11 | 11.8
Hexes          | 5 6 7 8 9 10 | 10.6
Fighting       | 1 2 4 5 |  5.9
Short Blades   | 2 3 4 5 6 7 |  7.5
Dodging        | 3 4 5 6 7 8 |  8.0
Spellcasting   | 3 4 5 6 |  6.9

Action                   |  1- 3 |  4- 6 |  7- 9 | 10-12 || total
-------------------------+-------+-------+-------+-------++-------
Melee: Dagger            |   119 |   165 |   386 |   141 ||   811
       Bite              |     2 |    15 |    38 |     8 ||    63
 Cast: Ensorcelled Hiber |    17 |    62 |   134 |    33 ||   246
       Corona            |     4 |       |       |       ||     4
       Confuse           |       |     6 |    16 |     9 ||    31
       Tukima's Dance    |       |       |     4 |     8 ||    12
       Dazzling Spray    |       |       |       |     2 ||     2
 Abil: End Transformatio |     1 |       |       |     1 ||     2
       Bat Form          |     1 |       |       |     1 ||     2
Evoke: Wand              |       |     1 |     1 |       ||     2
  Use: Scroll            |     7 |     6 |     7 |     5 ||    25
       Potion            |       |     1 |     2 |     2 ||     5
 Stab: Sleeping          |    20 |    45 |    58 |    30 ||   153
       Confused          |       |     2 |    16 |     6 ||    24
       Distracted        |       |     1 |     2 |     1 ||     4
Armor: Robe              |    15 |    15 |       |       ||    30
       Troll leather arm |       |    39 |   105 |    60 ||   204
Dodge: Dodged            |    59 |   112 |   262 |   175 ||   608
